 Seeded DCSS version 0.25-a0-842-g81a31cf (webtiles) character file.

Game seed: 7948501253545438165, levelgen mode: deterministic

162827 bonscott the Fighter (level 18, 0/114 HPs)
             Began as a Kobold Ice Elementalist on Apr 22, 2020.
             Was the Champion of Vehumet.
             Slain by a tarantella (13 damage)
             ... on level 4 of the Spider Nest on Apr 24, 2020.
             The game lasted 07:44:03 (42047 turns).

bonscott the Fighter (Kobold Ice Elementalist)     Turns: 42047, Time: 07:44:04

Health: 0/114      AC: 21    Str: 13      XL:     18   Next: 45%
Magic:  0/35       EV: 11    Int: 21 (22) God:    Vehumet [******]
Gold:   1662       SH:  0    Dex: 14 (15) Spells: 2/43 levels left

rFire    + . .     SeeInvis +   H - +3 demon blade (venom)
rCold    . . .     Gourm    .   E - +1 buckler
rNeg     + + .     Faith    .   G - +1 leather armour {rPois}
rPois    +         Spirit   .   p - +1 helmet
rElec    +         Reflect  .   h - +3 cloak "Isoshec" {*Slow rElec rF+ rN++}
rCorr    .         Harm     .   j - +2 pair of gloves {Str+3}
MR       +....                  C - +1 pair of boots
Stlth    ++++......             P - amulet of regeneration
HPRegen  0.69/turn              K - ring of see invisible
MPRegen  0.24/turn              M - ring "Ruinac" {AC+5 Int+2}

@: held
A: small, carnivore
a: Renounce Religion


You were on level 4 of the Spider Nest.
You worshipped Vehumet.
Vehumet was exalted by your worship.
You were very full.

You visited 5 branches of the dungeon, and saw 28 of its levels.
You also visited: Bailey and Ice Cave.

You collected 4218 gold pieces.
You spent 2556 gold pieces at shops.

Inventory:

Hand Weapons
 r - a +7 vorpal hand crossbow
 y - the +3 fustibalus "Goblin's Undoing" {venom, Dex+4}
   (You found it on level 12 of the Dungeon)

   It poisons the ammo it fires.
   It affects your dexterity (+4).
 D - a +1 antimagic dagger
 H - a +3 demon blade of venom (weapon)
 J - a +3 vampiric dagger
 N - a +3 dagger of venom
Missiles
 a - 10 curare-tipped darts
 e - 588 stones (quivered)
 i - 51 boomerangs
 l - 225 sling bullets
 n - 4 silver boomerangs
 z - 418 bolts
Armour
 h - the +3 cloak "Isoshec" (worn) {*Slow rElec rF+ rN++}
   (You bought it in a shop on level 15 of the Dungeon)

   It protects you from fire.
   It insulates you from electricity.
   It greatly protects you from negative energy.
   It may slow you when you take damage.
 j - a +2 pair of gloves of strength (worn)
 p - a +1 helmet (worn)
 C - a +1 pair of boots (worn)
 E - a +1 buckler (worn)
 G - a +1 leather armour of poison resistance (worn)
Jewellery
 b - an uncursed ring of wizardry
 K - a ring of see invisible (left hand)
 M - the ring "Ruinac" (right hand) {AC+5 Int+2}
   (You found it on level 6 of the Dungeon)

   [ring of protection]

   It affects your AC (+5).
   It affects your intelligence (+2).
 P - an amulet of regeneration (around neck)
 V - a +3 ring of intelligence
Wands
 I - a wand of digging (22)
 Q - a wand of iceblast (37)
 X - a wand of disintegration (31)
Scrolls
 s - 2 scrolls of magic mapping
 u - a scroll of amnesia
 v - 3 scrolls of blinking
 w - 18 scrolls of teleportation
 x - a scroll of fear
 S - 3 scrolls of fog
 W - 7 scrolls of identify
Potions
 d - 4 potions of might
 f - 2 potions of lignification
 g - 7 potions of haste
 m - 13 potions of curing
 o - 3 potions of brilliance
 q - 3 potions of berserk rage
 t - 3 potions of mutation
 A - 2 potions of stabbing
 B - 2 potions of cancellation
 L - 2 potions of magic
 R - 2 potions of heal wounds
 T - 7 potions of flight
 Z - 2 potions of ambrosia
Miscellaneous
 k - 2 tins of tremorstones
 F - a lightning rod (3/4)
 U - a phial of floods
 Y - a phantom mirror
Comestibles
 c - 52 rations


   Skills:
 - Level 13.0 Fighting
 - Level 10.0(10.2) Short Blades
 + Level 1.9(4.4) Long Blades
 - Level 7.4(8.0) Slings
 - Level 8.0 Crossbows
 - Level 4.6(7.0) Throwing
 - Level 5.0 Armour
 - Level 11.0 Dodging
 - Level 8.0 Stealth
 - Level 5.0 Shields
 - Level 13.0 Spellcasting
 + Level 7.1 Conjurations
 - Level 2.0 Charms
 - Level 5.0 Summonings
 - Level 13.0 Translocations
 - Level 3.0 Transmutations
 - Level 11.0 Ice Magic
 - Level 4.0 Earth Magic
 - Level 5.0 Poison Magic
 - Level 6.0 Evocations


You had 2 spell levels left.
You knew the following spells:

 Your Spells              Type           Power        Failure   Level  Hunger
a - Apportation           Tloc           ######       1%          1    None
b - Summon Ice Beast      Ice/Summ       #####...     2%          4    None
c - Conjure Flame         Conj/Fire      ####....     1%          3    None
f - Freeze                Ice            ####         1%          1    None
g - Shroud of Golubria    Chrm/Tloc      #####.       1%          2    None
l - Lesser Beckoning      Tloc           ######....   1%          3    None
n - Summon Lightning Spi  Summ/Air       ###.....     22%         4    None
o - Olgreb's Toxic Radia  Pois           ####....     2%          4    None
p - Passwall              Tmut/Erth      ####....     2%          2    None
q - Blink                 Tloc           N/A          1%          2    None
t - Frozen Ramparts       Ice            ######       1%          3    None
u - Ignite Poison         Fire/Tmut/Pois ###.....     1%          3    None
x - Ozocubu's Refrigerat  Ice            ######....   3%          6    #####..
y - Ozocubu's Armour      Chrm/Ice       #####...     1%          3    None

Your spell library contained the following spells:

 Spells                   Type           Power        Failure   Level  Hunger
 Lehudib's Crystal Spear  Conj/Erth      #####.....   100%        8    #######
 Absolute Zero            Ice            ######....   100%        9    #######
 Shatter                  Erth           ####......   100%        9    #######
 Magic Dart               Conj           ####         1%          1    None
 Sandblast                Erth           ####..       1%          1    None
 Sting                    Tmut/Pois      ####         1%          1    None
 Summon Butterflies       Summ           ####....     1%          1    None
 Summon Small Mammal      Summ           ####         1%          1    None
 Call Imp                 Summ           ####....     1%          2    None
 Ensorcelled Hibernation  Hex/Ice        #####.       1%          2    None
 Infusion                 Chrm           ###.         2%          1    None
 Poisonous Vapours        Pois/Air       ###...       3%          2    None
 Song of Slaying          Chrm           ###.....     4%          2    None
 Animate Skeleton         Necr           N/A          6%          1    None
 Corona                   Hex            ##.....      6%          1    None
 Pain                     Necr           ##..         6%          1    None
 Slow                     Hex            ##......     10%         2    None
 Dazzling Flash           Conj/Hex       ####..       1%          3    None
 Mephitic Cloud           Conj/Pois/Air  ####....     1%          3    None
 Portal Projectile        Hex/Tloc       #####.       1%          3    None
 Stone Arrow              Conj/Erth      #####.       1%          3    None
 Hailstorm                Conj/Ice       ######..     1%          4    None
 Call Canine Familiar     Summ           ####....     2%          3    None
 Inner Flame              Hex/Fire       ##......     5%          3    None
 Summon Guardian Golem    Hex/Summ       ###.....     7%          3    None
 Lee's Rapid Deconstruct  Erth           ####......   9%          5    ####...
 Spectral Weapon          Hex/Chrm       ###.....     12%         3    None
 Petrify                  Tmut/Erth      ####....     14%         4    None
 Confusing Touch          Hex            ##......     19%         3    None
 Tukima's Dance           Hex            ##......     19%         3    None
 Vampiric Draining        Necr           ##........   19%         3    None
 Leda's Liquefaction      Hex/Erth       ###.......   26%         4    None
 Alistair's Intoxication  Tmut/Pois      ####....     32%         5    ####...
 Animate Dead             Necr           N/A          52%         4    None
 Cause Fear               Hex            ##........   52%         4    None
 Agony                    Necr           ##......     86%         5    ####...
 Invisibility             Hex            ##......     100%        6    #####..


Dungeon Overview and Level Annotations

Branches:
Dungeon (15/15)            Temple (1/1) D:6            Lair (6/6) D:8
  Swamp (0/4) Lair:4       Spider (4/4) Lair:3        Slime (0/5) Lair:6
    Orc (2/2) D:11            Elf (0/3) Orc:2        Vaults (0/5) D:14
 Depths (0/5) D:15         Bailey (visited)           IceCv (visited)

Altars:
Ashenzari
Cheibriados
Dithmenos
Elyvilon
Fedhas
Gozag
Hepliaklqana
Kikubaaqudgha
Makhleb
Nemelex Xobeh
Okawaru
Qazlal
Ru
Sif Muna
Trog
Uskayaw
Vehumet
Wu Jian
Xom
Yredelemnul
Zin
The Shining One
Beogh
Jiyva

Shops:
D:4 ?   D:5 *   D:7 :   D:10 ?   D:11 :(   D:15 [   Orc:1 }   Orc:2 ([*=

Annotations:
D:6 Dowan, Duvessa
D:7 4 runed translucent doors
D:12 1 runed translucent door
Orc:1 Rachuaq's ghost, adept GnSk


Innate Abilities, Weirdness & Mutations

You are small and have problems with some larger weapons.
You are carnivorous and can eat meat at any time.


Message History

The ghost moth stings you.
* * * LOW HITPOINT WARNING * * *
You are lethally poisoned!
The ghost moth poisons you!
The tarantella bites you but does no damage.
Unknown command.
You feel better. The ghost moth stares at you. The ghost moth hits you!
* * * LOW HITPOINT WARNING * * *
The ghost moth hits you but does no damage.
The ghost moth stings you!
* * * LOW HITPOINT WARNING * * *
The tarantella misses you. The ghost moth stares at you.
The ghost moth closely misses you. The ghost moth hits you!
* * * LOW HITPOINT WARNING * * *
The ghost moth stings you but does no damage.
The tarantella bites you!
You die...

#≈≈≈..#
#≈≈..^#
#≈.#..#
#≈^...#
#.....#
#.....#
#..#.≈#
#s...≈#
#@..≈(#
#y°.≈##
#^..≈≈#
##.≈Z≈#
#.≈≈≈≈#
#.≈≈≈.#
#≈≈#≈.#
#≈≈≈...
#.......


You could see a ghost moth (invisible), a tarantella and a jumping spider
zombie.

Vanquished Creatures
  Mara (Spider:3)
  Arachne (Spider:4)
  Donald (Spider:1)
  An orc warlord (D:11)
  3 emperor scorpions
  4 entropy weavers
  2 minotaurs (D:13)
  2 spark wasps (Spider:4)
  Harold (Orc:1)
  An ogre mage (D:12)
  A rakshasa (D:15)
  2 hydras
  8 vault guards (D:14)
  An ice dragon (D:15)
  Erica (D:10)
  A two-headed ogre (D:12)
  A catoblepas (D:12)
  4 centaur warriors
  5 death yaks
  An orc high priest (Orc:2)
  Sonja (D:11)
  Nergalle (D:10)
  3 unseen horrors
  7 orc knights
  Pikel (D:9)
  A necromancer (IceCv)
  11 orb spiders
  19 wolf spiders
  A manticore (D:15)
  4 orc sorcerers
  2 deep elf magi (D:12)
  4 cyclopes
  A moth of wrath (Spider:4)
  4 ugly things
  4 black mambas
  3 ice statues (IceCv)
  4 centaur zombies
  A torpor snail (Spider:2)
  9 elephants (Lair:4)
  26 spiny frogs
  10 komodo dragons
  An efreet (D:13)
  A spectral redback (Spider:4)
  9 yaktaurs (D:13)
  8 demonic crawlers
  10 rime drakes
  6 ice devils (IceCv)
  8 trolls
  35 jumping spiders
  5 tyrant leeches (Lair:6)
  2 polar bears (Lair:6)
  27 blink frogs
  A jumping spider zombie (Spider:4)
  2 tarantella zombies (Spider:4)
  2 spectral tarantellas (Spider:4)
  13 slime creatures
  3 hornets
  20 hippogriffs
  68 redbacks
  4 shadows
  17 tarantellas
  2 wraiths
  33 yaks
  5 basilisks
  14 wyverns
  A human (D:10)
  3 hungry ghosts
  Eustachio (D:4)
  8 vampire mosquitoes
  An acid dragon (D:12)
  6 wargs
  9 water moccasins
  12 porcupines
  43 orc warriors
  3 sky beasts
  A slave (D:9)
  3 black bears
  3 phantoms
  An eye of draining (D:15)
  2 necrophages
  12 ogres
  6 wolves (Lair:4)
  6 boggarts (D:12)
  25 centaurs
  10 crocodiles
  A nameless horror (Spider:2)
  25 bullfrogs
  7 big kobolds
  9 scorpions
  14 wights
  5 howler monkeys
  51 killer bees
  5 electric eels
  A lava snake (D:14)
  5 crimson imps
  A bullfrog zombie (D:6)
  6 hounds
  3 jellies
  A quasit (D:11)
  2 gnoll shamans (D:9)
  24 orc priests
  24 orc wizards
  2 bullfrog skeletons
  11 centaur skeletons
  12 worker ants
  Ijyb (D:5)
  A spriggan simulacrum (IceCv)
  2 troll simulacra (IceCv)
  A howler monkey zombie (D:8)
  A worker ant zombie (D:11)
  23 gnolls
  15 adders
  A naga simulacrum (IceCv)
  4 shadow imps
  An ooze (D:3)
  2 adder zombies
  2 adder skeletons
  7 worms
  6 leopard geckos
  122 orcs
  A ball python (D:3)
  9 giant cockroaches
  6 goblins
  9 hobgoblins
  6 jackals
  19 kobolds
  7 quokkas
  2 bats
  5 frilled lizards
  A quokka skeleton (D:6)
  7 rats
  A fungus (Lair:4)
1082 creatures vanquished.

Vanquished Creatures (collateral kills)
  An emperor scorpion (Spider:4)
  5 ugly things
  2 wolf spiders (Spider:1)
  A yaktaur (D:12)
  3 demonic crawlers (Spider:1)
  A freezing wraith (D:15)
  4 ice devils
  A wraith (D:15)
  A water elemental (D:12)
  2 redbacks
  An acid dragon (D:12)
  4 ice beasts
  An eye of draining (D:12)
  A bullfrog (Lair:6)
  A wight (D:14)
  2 draconian simulacra (IceCv)
  A spriggan simulacrum (IceCv)
  2 troll simulacra (IceCv)
  A naga simulacrum (IceCv)
35 creatures vanquished.

Vanquished Creatures (others)
  An ice dragon (D:15)
  A shadow (D:15)
  A howler monkey (D:9)
  29 fungi
  46 plants
78 creatures vanquished.

Grand Total: 1195 creatures vanquished

Notes
Turn   | Place    | Note
-------+----------+-------------------------------------------
     0 | D:1      | bonscott the Kobold Ice Elementalist began the quest for
                  | the Orb.
     0 | D:1      | Reached XP level 1. HP: 10/10 MP: 3/3
    85 | D:1      | Found a sparkling altar of Nemelex Xobeh.
   519 | D:1      | Reached XP level 2. HP: 14/15 MP: 1/5
  1269 | D:2      | Reached XP level 3. HP: 14/19 MP: 2/6
  1649 | D:2      | Found a hide-covered altar of Uskayaw.
  1650 | D:2      | Noticed a +0 dagger
  1651 | D:2      | Noticed a +0 hand axe
  1814 | D:2      | Reached XP level 4. HP: 20/24 MP: 4/8
  1889 | D:2      | Learned a level 3 spell: Frozen Ramparts
  2546 | D:3      | Learned a level 3 spell: Ozocubu's Armour
  3432 | D:3      | Reached XP level 5. HP: 27/28 MP: 6/9
  3561 | D:4      | Noticed an orc warrior
  3566 | D:4      | Reached skill level 1 in Slings
  3570 | D:4      | Killed an orc warrior
  3570 | D:4      | Reached skill level 5 in Ice Magic
  3570 | D:4      | Reached XP level 6. HP: 18/32 MP: 2/11
  4170 | D:4      | Learned a level 4 spell: Summon Ice Beast
  4392 | D:4      | Found Naqucum's Magic Scroll Emporium.
  4401 | D:4      | Bought a scroll of teleportation for 36 gold pieces
  4401 | D:4      | Bought a scroll of immolation for 42 gold pieces
  4401 | D:4      | Bought a scroll of random uselessness for 12 gold pieces
  4551 | D:4      | Noticed an ogre
  4561 | D:4      | Killed an ogre
  4561 | D:4      | Reached skill level 1 in Summonings
  4561 | D:4      | Reached XP level 7. HP: 33/36 MP: 2/12
  4761 | D:4      | Got a vibrating iron amulet
  4862 | D:4      | Identified the amulet of Bumita Wuegh {Harm *Drain rC+
                  | Str+6 Dex-5} (You found it on level 4 of the Dungeon)
  4897 | D:5      | Entered Level 5 of the Dungeon
  4944 | D:5      | Noticed Eustachio
  5021 | D:5      | Noticed Ijyb
  5024 | D:5      | Paralysed by Ijyb for 7 turns
  5037 | D:5      | Paralysed by Ijyb for 3 turns
  5038 | D:5      | Killed Ijyb
  5196 | D:5      | Found Poegynak's General Store.
  5202 | D:5      | Bought a scroll of noise for 13 gold pieces
  5276 | D:4      | Killed Eustachio
  5276 | D:4      | Reached skill level 5 in Dodging
  5561 | D:5      | Reached skill level 1 in Fighting
  5561 | D:5      | Reached XP level 8. HP: 17/43 MP: 8/14
  5851 | D:5      | Reached skill level 1 in Shields
  6301 | D:6      | Found a staircase to the Ecumenical Temple.
  6311 | Temple   | Entered the Ecumenical Temple
  6519 | Temple   | Became a worshipper of Vehumet
  6593 | D:6      | Got a warped platinum ring
  6813 | D:6      | Noticed Duvessa
  6813 | D:6      | Noticed Dowan
  7191 | D:6      | Found a glowing golden altar of the Shining One.
  7327 | D:6      | Reached skill level 1 in Short Blades
  7399 | D:7      | Noticed a wyvern
  7409 | D:6      | Killed a wyvern
  7694 | D:7      | Reached XP level 9. HP: 40/52 MP: 9/16
  7696 | D:7      | Reached skill level 5 in Spellcasting
  7718 | D:7      | Reached * piety under Vehumet
  7718 | D:7      | Offered knowledge of Magic Dart by Vehumet.
  7724 | D:7      | Learned a level 1 spell: Magic Dart
  7891 | D:7      | Found an opulent altar of Gozag.
  7891 | D:7      | Found an ancient bone altar of Kikubaaqudgha.
  7968 | D:7      | Reached skill level 1 in Conjurations
  8044 | D:7      | Found Jocaum's Book Emporium.
  8064 | D:7      | Reached skill level 5 in Fighting
  8064 | D:7      | Reached skill level 1 in Charms
  8177 | D:7      | Found a huge runed translucent gate.
  8177 | D:7      | Found a huge runed translucent gate.
  8181 | D:7      | Found a huge runed translucent gate.
  8181 | D:7      | Noticed a polar bear
  8181 | D:7      | Noticed a death yak
  8648 | D:7      | Found a huge runed translucent gate.
  8648 | D:7      | Noticed a polar bear
  8648 | D:7      | Noticed a polar bear
  8648 | D:7      | Noticed a polar bear
  8648 | D:7      | Noticed a polar bear
  8648 | D:7      | Noticed a polar bear
  9245 | D:8      | Reached ** piety under Vehumet
  9304 | D:8      | Offered knowledge of Sandblast by Vehumet.
  9305 | D:8      | Reached XP level 10. HP: 49/60 MP: 13/18
  9407 | D:8      | Found a hazy altar of Hepliaklqana.
  9411 | D:8      | Reached skill level 5 in Short Blades
  9457 | D:8      | Found a snail-covered altar of Cheibriados.
  9457 | D:8      | Found a shadowy altar of Dithmenos.
  9462 | D:8      | Found a faded altar of an unknown god.
  9464 | D:8      | Found a sparkling altar of Nemelex Xobeh.
  9465 | D:8      | Found a faded altar of an unknown god.
  9534 | D:8      | Reached skill level 1 in Armour
  9922 | D:8      | Identified the ring "Ruinac" {AC+5 Int+2} (You found it on
                  | level 6 of the Dungeon)
 10120 | D:8      | Reached skill level 1 in Crossbows
 10243 | D:8      | Found a staircase to the Lair.
 10431 | D:8      | Found a glowing silver altar of Zin.
 10869 | D:7      | Bought a book of Cantrips for 240 gold pieces
 10872 | D:7      | Learned a level 1 spell: Apportation
 11306 | D:9      | Offered knowledge of Stone Arrow by Vehumet.
 11318 | D:9      | Learned a level 3 spell: Stone Arrow
 11574 | D:9      | Noticed Pikel
 11585 | D:9      | Killed Pikel
 12092 | D:9      | Reached *** piety under Vehumet
 12106 | D:9      | Reached XP level 11. HP: 66/67 MP: 14/21
 12127 | D:9      | Got a pitted cloak
 12128 | D:9      | Identified the +0 cloak "Vefun" {rC+ Dex+3} (You found it
                  | on level 9 of the Dungeon)
 12156 | D:9      | Reached skill level 1 in Translocations
 12458 | D:10     | Entered Level 10 of the Dungeon
 12458 | D:10     | Noticed Erica
 12469 | D:10     | Killed Erica
 12520 | D:10     | Offered knowledge of Static Discharge by Vehumet.
 12609 | D:10     | You fall into a shaft and drop 1 floor!
 12835 | D:11     | Found a roughly hewn altar of Beogh.
 12902 | D:11     | Reached **** piety under Vehumet
 12956 | D:11     | Offered knowledge of Conjure Flame by Vehumet.
 13170 | D:11     | Found Hoawnate's Book Shop.
 13176 | D:11     | Noticed Sonja
 13220 | D:11     | Killed Sonja
 13550 | D:11     | Noticed an orc knight
 13567 | D:11     | Killed an orc knight
 13954 | D:11     | Found a roughly hewn altar of Beogh.
 13961 | D:11     | Found a staircase to the Orcish Mines.
 14157 | D:11     | Reached skill level 5 in Crossbows
 14238 | D:11     | Noticed a white ugly thing
 14265 | D:10     | Noticed Nergalle
 14369 | D:9      | Learned a level 3 spell: Conjure Flame
 14460 | D:7      | Bought a Young Poisoner's Handbook for 480 gold pieces
 14465 | D:7      | Learned a level 4 spell: Olgreb's Toxic Radiance
 14672 | D:11     | Killed a white ugly thing
 14672 | D:11     | Reached skill level 5 in Armour
 14672 | D:11     | Reached skill level 5 in Shields
 14672 | D:11     | Reached XP level 12. HP: 42/72 MP: 7/22
 14764 | D:11     | Found Toyguen's Weapon Emporium.
 15071 | Orc:1    | Entered Level 1 of the Orcish Mines
 15106 | Orc:1    | Noticed Harold
 15128 | Orc:1    | Killed Harold
 15307 | Orc:1    | Found a transporter.
 15314 | Orc:1    | Noticed Rachuaq's ghost (adept GnSk)
 15343 | Orc:1    | Identified the amulet "Lungy" {RegenMP rElec Str+2}
 15392 | Orc:1    | Found a transporter.
 15414 | Orc:1    | Reached ***** piety under Vehumet
 15529 | Orc:1    | Offered knowledge of Orb of Destruction by Vehumet.
 15529 | Orc:1    | Reached skill level 1 in Poison Magic
 16033 | Orc:1    | Found Qikhin's Gadget Emporium.
 16257 | Orc:1    | Found a roughly hewn altar of Beogh.
 16401 | Orc:1    | Got a coiled tin ring
 16437 | Orc:2    | Entered Level 2 of the Orcish Mines
 16611 | Orc:2    | Upgraded the game from 0.25-a0-834-g55863b0 to
                  | 0.25-a0-835-gb37b1c2
 16880 | Orc:2    | Learned a level 3 spell: Ignite Poison
 16917 | Orc:2    | Noticed an orc warlord
 17145 | Orc:2    | Reached skill level 1 in Transmutations
 17402 | Orc:2    | Found a staircase to the Elven Halls.
 17810 | Orc:2    | Noticed a sun demon
 17816 | Orc:2    | Reached XP level 13. HP: 80/80 MP: 19/25
 18171 | D:10     | Killed Nergalle
 18171 | D:10     | Reached skill level 5 in Translocations
 18171 | D:10     | Reached skill level 1 in Evocations
 18296 | D:10     | Learned a level 2 spell: Passwall
 18449 | D:10     | Found Qoan's Magic Scroll Emporium.
 18874 | D:11     | Killed an orc warlord
 19197 | Orc:2    | Found a roughly hewn altar of Beogh.
 19206 | Orc:2    | Reached skill level 1 in Earth Magic
 19273 | Orc:2    | Found Ahumack's General Store.
 19278 | Orc:2    | Found Xenieh's Antique Weapon Boutique.
 19297 | Orc:2    | Found Waf Zyre's Jewellery Boutique.
 19376 | Orc:2    | Found Nani's Antique Armour Boutique.
 20279 | D:12     | Noticed a catoblepas
 20293 | D:12     | Killed a catoblepas
 20293 | D:12     | Reached skill level 10 in Fighting
 20431 | D:12     | Reached skill level 10 in Spellcasting
 20586 | D:12     | Learned a level 3 spell: Lesser Beckoning
 20842 | D:12     | Found a runed translucent door.
 20903 | D:12     | Got a jewelled fustibalus
 21016 | Lair:1   | Entered Level 1 of the Lair of Beasts
 21042 | Lair:1   | Identified the +3 fustibalus "Goblin's Undoing" {venom,
                  | Dex+4} (You found it on level 12 of the Dungeon)
 21291 | Lair:1   | Offered knowledge of Conjure Ball Lightning by Vehumet.
 22085 | Lair:2   | Reached XP level 14. HP: 88/88 MP: 19/28
 23033 | Lair:3   | Reached skill level 5 in Poison Magic
 23146 | Lair:3   | Found a hole to the Spider Nest.
 23504 | Lair:4   | Reached skill level 5 in Slings
 23776 | Lair:4   | Identified the ring "Omoef" {Ice +Inv Dex+2} (You found it
                  | on level 1 of the Orcish Mines)
 24113 | Lair:4   | Offered knowledge of Ozocubu's Refrigeration by Vehumet.
 24143 | Lair:4   | Learned a level 6 spell: Ozocubu's Refrigeration
 24221 | Lair:4   | Found a staircase to the Swamp.
 25458 | Lair:5   | Reached XP level 15. HP: 96/96 MP: 25/31
 25861 | Lair:6   | Entered Level 6 of the Lair of Beasts
 26547 | Lair:5   | Reached ****** piety under Vehumet
 27051 | Lair:6   | Offered knowledge of Iskenderun's Battlesphere by Vehumet.
 27477 | Lair:6   | Found a shimmering altar of Xom.
 27867 | Lair:6   | Learned a level 4 spell: Summon Lightning Spire
 27888 | Lair:6   | Found a staircase to the Slime Pits.
 27888 | Lair:6   | Found a viscous altar of Jiyva.
 28142 | D:8      | Upgraded the game from 0.25-a0-835-gb37b1c2 to
                  | 0.25-a0-842-g81a31cf
 28193 | D:8      | Learned a level 3 spell: Summon Guardian Golem
 28274 | D:12     | You fall into a shaft and drop 1 floor!
 28568 | D:13     | Found a flagged portal.
 28583 | Bailey   | Entered a bailey
 29303 | D:13     | Reached skill level 5 in Summonings
 29719 | D:13     | Identified the +4 quarterstaff of the Insatiable Hells
                  | {freeze, Str+3}
 29729 | D:13     | Reached skill level 10 in Dodging
 29737 | D:13     | Offered knowledge of Spellforged Servitor by Vehumet.
 29738 | D:13     | Reached XP level 16. HP: 88/104 MP: 14/33
 29738 | D:13     | Identified the ring of Soasyuss {rC- rCorr Str+6}
 29880 | D:13     | Identified a scroll of acquirement
 31764 | D:10     | Bought a scroll of amnesia for 52 gold pieces
 31764 | D:10     | Bought a scroll of amnesia for 52 gold pieces
 31775 | D:10     | Bought a scroll of identify for 30 gold pieces
 31775 | D:10     | Bought a scroll of identify for 30 gold pieces
 31775 | D:10     | Bought a scroll of teleportation for 45 gold pieces
 31775 | D:10     | Bought a scroll of identify for 30 gold pieces
 31775 | D:10     | Bought a scroll of teleportation for 45 gold pieces
 31786 | D:10     | Learned a level 2 spell: Shroud of Golubria
 31960 | Spider:1 | Entered Level 1 of the Spider Nest
 31965 | Spider:1 | Reached skill level 10 in Ice Magic
 31965 | Spider:1 | Reached skill level 10 in Translocations
 31989 | Spider:1 | Offered knowledge of Bolt of Magma by Vehumet.
 32115 | Spider:1 | Reached skill level 1 in Throwing
 32200 | Spider:1 | Noticed Donald
 32231 | Spider:1 | Killed Donald
 34115 | Orc:2    | Bought a slimy robe for 239 gold pieces
 34129 | Orc:2    | Identified the cursed +0 robe of the Dolphin {+Inv Str+3}
                  | (You bought it in a shop on level 2 of the Orcish Mines)
 34653 | D:14     | Learned a level 2 spell: Blink
 34734 | D:14     | Offered knowledge of Starburst by Vehumet.
 34748 | D:14     | Reached XP level 17. HP: 108/108 MP: 11/34
 35127 | D:14     | Found a gate to the Vaults.
 35152 | D:14     | Reached skill level 5 in Evocations
 35489 | D:15     | Entered Level 15 of the Dungeon
 35809 | D:15     | Found a frozen archway.
 35823 | IceCv    | Entered an ice cave
 37070 | IceCv    | Identified the cursed +0 hunting sling of Gloom {flame,
                  | Dex+5} (You found it in an ice cave)
 37548 | Orc:2    | Bought a scroll of enchant weapon for 82 gold pieces
 37548 | Orc:2    | Bought a scroll of identify for 22 gold pieces
 38274 | D:15     | Found Vesoh's Antique Armour Boutique.
 38475 | D:15     | Found a staircase to the Depths.
 38777 | D:15     | Bought a bronze leather armour for 196 gold pieces
 38777 | D:15     | Bought a runed scarf for 224 gold pieces
 38777 | D:15     | Bought a faintly glowing cloak for 266 gold pieces
 38777 | D:15     | Bought a runed helmet for 210 gold pieces
 38777 | D:15     | Bought a pair of glowing gloves for 210 gold pieces
 38777 | D:15     | Identified the +0 leather armour of Beauty {Str+4 Dex+3
                  | Stlth+} (You bought it in a shop on level 15 of the
                  | Dungeon)
 38784 | D:15     | Identified the +3 cloak "Isoshec" {*Slow rElec rF+ rN++}
                  | (You bought it in a shop on level 15 of the Dungeon)
 39530 | Spider:3 | Offered knowledge of Lehudib's Crystal Spear by Vehumet.
 39530 | Spider:3 | Offered knowledge of Shatter by Vehumet.
 39530 | Spider:3 | Offered knowledge of Absolute Zero by Vehumet.
 39532 | Spider:3 | Noticed Mara
 39980 | Spider:3 | Killed Mara
 40477 | Spider:4 | Entered Level 4 of the Spider Nest
 40526 | Spider:4 | Reached skill level 5 in Stealth
 40717 | Spider:4 | Reached XP level 18. HP: 81/114 MP: 26/35
 41144 | Spider:4 | Noticed Arachne
 41182 | Spider:4 | Killed Arachne
 41182 | Spider:4 | Reached skill level 10 in Short Blades
 41319 | Spider:4 | Reached skill level 5 in Conjurations
 41767 | Spider:4 | Reached skill level 1 in Long Blades
 42047 | Spider:4 | Slain by a tarantella

Levels and vault maps discovered:
D:1:      enne_arrival_octagon_isle, layout_basic, nemelex_diamond_rough_becter
D:2:      layout_basic, dancing_weapons_uskayaw
D:3:      layout_basic, serial_forest, infiniplex_forest_end_2,
          infiniplex_forest_fountain, infiniplex_forest_clump_long,
          infiniplex_forest_diagonal, infiniplex_forest_clump_medium,
          infiniplex_forest_lined_room_2
D:4:      layout_basic, serial_shops, nicolae_shop_crystal,
          minmay_fractal_squares_gapless_5
D:5:      layout_cave_pools, first_ration, serial_shops,
          nicolae_shop_statue_plus, uniq_ijyb, uniq_eustachio
D:6:      layout_loops_ring, minmay_temple_entry_glass, minmay_crystal_room,
          nicolae_tso_carved_into_rock, uniq_duvessa
D:7:      lemuel_bear_cage, layout_rooms, gammafunk_temple_overflow_statue,
          serial_shops, shop_statue, palyth_stone_intersect
D:8:      layout_loops_ring, zin_scriptorium, nicolae_overflow_crystal_walls,
          chequers_temple_overflow_minitemple, due_lair_maze_entry_diamond,
          st_stairs_13
D:9:      kennysheep_housing_project, layout_basic, uniq_pikel
D:10:     layout_rooms, serial_shops, kennysheep_mini, hangedman_stone_soup,
          uniq_erica, uniq_nergalle
D:11:     layout_basic, david_orc_5, serial_shops, shop, shop, special_room
          [special_room_orc], uniq_sonja
D:12:     minmay_the_grid_triangle_9x9_rhombus_thin
          [minmay_the_grid_triangle_9x9_empty,
          minmay_the_grid_triangle_9x9_prize_schism,
          minmay_the_grid_triangle_9x9_zippers_horizontal,
          minmay_the_grid_triangle_9x9_subtriangle], layout_basic,
          minmay_radiant
D:13:     fort_yaktaur, layout_stronghold, enter_bailey_7
D:14:     layout_gridville, erik_vaults_2, kennysheep_dice
D:15:     grunt_enter_depths_hoard, layout_basic, serial_shops, shop,
          portal_ice_cave_demonic_guard
Temple:   dpeg_chambers_temple
Lair:1:   layout_long_grid, chequers_serial_rivers_large_a, grunt_megastairs_1
Lair:2:   wad_woods_minihive, layout_cave_pods, st_stairs_4
Lair:3:   layout_hall_layers, nicolae_spider_entry_non_spiders
Lair:4:   layout_roguey [special_room_mythical_zoo], swamp_mist_pool,
          gauntlet_entry_generic, grunt_megastairs_4
Lair:5:   layout_long_grid, serial_bayou_pond_a, minmay_shattered_shrine,
          infiniplex_staircase_pool_2, serial_bayou_shore_b,
          serial_bayou_shore_b
Lair:6:   minmay_lair_end_frog_pond, layout_gridlike, slime_altar_1,
          basic_altar, lemuel_fruit_tree
Spider:1: layout_spider_delve, uniq_donald
Spider:2: layout_spider_delve
Spider:3: layout_spider_delve, drop_trap, uniq_mara
Spider:4: floodkiller_spider_rune_tomb, uniq_arachne
Orc:1:    layout_diamond_mine, serial_shops, nicolae_shop_behind_doors,
          gammafunk_ghost_arena, nicolae_orc_pool_cavern,
          david_defended_altar_orc, uniq_harold
Orc:2:    grunt_orc_cross, layout_diamond_mine

Skill      XL: |  1  2  3  4  5  6  7  8  9 10 11 12 13 14 15 16 17 18 |
---------------+-------------------------------------------------------+-----
Stealth        | 3 4 7 8 |  8.0
Dodging        | 3 4 5 6 7 8 9 10 11 | 11.0
Slings         | 1 2 3 5 7 |  7.4
Spellcasting   | 3 4 5 7 8 10 12 13 | 13.0
Ice Magic      | 5 6 7 8 9 10 11 | 11.0
Summonings     | 1 2 3 4 5 |  5.0
Fighting       | 1 4 6 7 8 10 12 13 | 13.0
Shields        | 1 2 5 |  5.0
Short Blades   | 3 4 5 6 9 10 | 10.0
Conjurations   | 3 4 7 |  7.1
Charms         | 2 |  2.0
Armour         | 2 5 |  5.0
Crossbows      | 4 5 8 |  8.0
Translocations | 3 4 5 8 12 13 | 13.0
Poison Magic   | 4 5 |  5.0
Transmutations | 2 3 |  3.0
Evocations     | 4 6 |  6.0
Earth Magic    | 4 |  4.0
Throwing       | 4 |  4.6
Long Blades    | 1 |  1.9

Action                   |  1- 3 |  4- 6 |  7- 9 | 10-12 | 13-15 | 16-18 || total
-------------------------+-------+-------+-------+-------+-------+-------++-------
Melee: Hand axe          |       |    10 |    16 |    13 |       |       ||    39
       Dagger            |       |       |    88 |   309 |   375 |   652 ||  1424
       Quarterstaff      |       |       |       |     7 |       |       ||     7
       Fustibalus        |       |       |       |       |       |     2 ||     2
       Demon blade       |       |       |       |       |       |    39 ||    39
 Fire: Hunting sling     |    18 |    86 |    78 |    10 |       |       ||   192
       Shortbow          |       |       |    14 |       |       |       ||    14
       Hand crossbow     |       |       |       |   307 |   114 |    31 ||   452
       Fustibalus        |       |       |       |       |   479 |   585 ||  1064
Throw: Stone             |    32 |     2 |     8 |    25 |    41 |     2 ||   110
       Boomerang         |       |       |     2 |     8 |     8 |     9 ||    27
       Dart              |       |       |       |       |     5 |       ||     5
 Cast: Freeze            |    27 |    38 |    75 |   151 |   104 |     8 ||   403
       Frozen Ramparts   |       |    11 |    24 |    52 |    15 |     4 ||   106
       Ozocubu's Armour  |       |     7 |    26 |    70 |    33 |    44 ||   180
       Summon Ice Beast  |       |       |     3 |     4 |     1 |    33 ||    41
       Magic Dart        |       |       |    19 |    30 |       |       ||    49
       Apportation       |       |       |       |    75 |   230 |   236 ||   541
       Stone Arrow       |       |       |       |     6 |     9 |       ||    15
       Olgreb's Toxic Ra |       |       |       |    42 |   164 |    96 ||   302
       Ignite Poison     |       |       |       |    11 |   141 |   134 ||   286
       Conjure Flame     |       |       |       |     1 |       |     1 ||     2
       Ozocubu's Refrige |       |       |       |       |     9 |    23 ||    32
       Lesser Beckoning  |       |       |       |       |     2 |     1 ||     3
       Summon Lightning  |       |       |       |       |       |    46 ||    46
       Shroud of Golubri |       |       |       |       |       |    48 ||    48
Evoke: Wand              |       |       |       |     9 |     5 |     6 ||    20
       Lightning rod     |       |       |       |       |     4 |     2 ||     6
  Use: Scroll            |     3 |     4 |     5 |    16 |    11 |    17 ||    56
       Potion            |       |       |       |     1 |     1 |     6 ||     8
 Stab: Sleeping          |       |       |     1 |     2 |       |     3 ||     6
       Petrified         |       |       |       |       |     4 |       ||     4
       Paralysed         |       |       |       |       |     3 |       ||     3
       Distracted        |       |       |       |       |       |     8 ||     8
  Eat: Chunk             |     6 |    15 |    18 |    32 |    48 |    50 ||   169
       Ration            |       |       |       |       |     3 |       ||     3
Armor: Robe              |     1 |     5 |    34 |    19 |       |       ||    59
       Leather armour    |       |       |       |    97 |   138 |   281 ||   516
       Skin              |       |       |       |       |   100 |    29 ||   129
Dodge: Dodged            |    11 |    33 |   137 |   396 |   497 |   818 ||  1892
Block: Buckler           |       |       |       |    29 |   237 |   359 ||   625
       Rpst.: Demon blade |       |       |       |       |       |    14 ||    14

Table legend:
 A = Non-vault XP
 B = Vault XP
 C = Vault XP percentage of total XP
 D = Non-vault monster count
 E = Vault monster count
 F = Vault count percentage of total count
                 A         B        C        D         E       F
            +---------+---------+-------+---------+---------+-------
      Total |  130868 |  101742 |  43.7 |     689 |     427 |  38.3
            +---------+---------+-------+---------+---------+-------
        D:1 |      14 |       0 |   0.0 |       8 |       0 |   0.0
        D:2 |      57 |       0 |   0.0 |      12 |       0 |   0.0
        D:3 |      69 |       0 |   0.0 |      26 |       0 |   0.0
        D:4 |     438 |     232 |  34.6 |      13 |       5 |  27.8
        D:5 |     376 |      33 |   8.1 |       9 |       1 |  10.0
        D:6 |     715 |       0 |   0.0 |      13 |       0 |   0.0
        D:7 |    1679 |       0 |   0.0 |      41 |       0 |   0.0
        D:8 |    1214 |    1226 |  50.2 |      16 |      11 |  40.7
        D:9 |     438 |    1770 |  80.2 |      11 |      31 |  73.8
       D:10 |     758 |    1985 |  72.4 |      25 |       6 |  19.4
       D:11 |    3894 |    4665 |  54.5 |      44 |      45 |  50.6
       D:12 |    7672 |    6644 |  46.4 |      40 |      14 |  25.9
       D:13 |    8117 |   11351 |  58.3 |      30 |      38 |  55.9
       D:14 |    3534 |    7740 |  68.7 |      26 |      10 |  27.8
       D:15 |   10706 |    2114 |  16.5 |      43 |       4 |   8.5
     Lair:1 |    1675 |     216 |  11.4 |       6 |       2 |  25.0
     Lair:2 |    4892 |    3768 |  43.5 |      21 |      49 |  70.0
     Lair:3 |    1371 |     540 |  28.3 |       7 |       8 |  53.3
     Lair:4 |    9016 |    7083 |  44.0 |      33 |      26 |  44.1
     Lair:5 |    1940 |    6317 |  76.5 |       9 |      19 |  67.9
     Lair:6 |    6330 |   10512 |  62.4 |      22 |      40 |  64.5
   Spider:1 |   17101 |    2154 |  11.2 |      56 |       1 |   1.8
   Spider:2 |    5790 |       0 |   0.0 |      18 |       0 |   0.0
   Spider:3 |   10898 |    8178 |  42.9 |      29 |       1 |   3.3
   Spider:4 |   25212 |   11215 |  30.8 |      63 |      20 |  24.1
      Orc:1 |    3670 |    1167 |  24.1 |      40 |       4 |   9.1
      Orc:2 |    3292 |    6201 |  65.3 |      28 |      31 |  52.5
     Bailey |       0 |    2322 | 100.0 |       0 |      39 | 100.0
      IceCv |       0 |    4309 | 100.0 |       0 |      22 | 100.0
            +---------+---------+-------+---------+---------+-------
